 Dungeon Crawl Stone Soup version 0.17-a0-1510-gb3fb22e (webtiles) character file.

170 Goblin1989 the Insei (level 5, -1/27 HPs)
             Began as a Vine Stalker Monk on July 11, 2015.
             Succumbed to poison (a potion of poison)
             ... on level 4 of the Dungeon.
             The game lasted 00:07:18 (2819 turns).

Goblin1989 the Insei (Vine Stalker Monk)            Turns: 2819, Time: 00:07:18

Health: -1/27      AC:  2    Str: 15    XL:     5   Next: 50%
Magic:  0/6        EV: 13    Int: 10    God:
Gold:   95         SH:  0    Dex: 16    Spells: 0 memorised, 4 levels left

rFire  . . .     SeeInvis .       - Unarmed
rCold  . . .     Clarity  .     a - +0 robe
rNeg   . . .     SustAt   .     (no shield)
rPois  .         Gourm    .     (no helmet)
rElec  .         Spirit   +     (no cloak)
rCorr  .         Warding  .     (no gloves)
rMut   .         Stasis   .     (no boots)
MR     .....                    (no amulet)
Stlth  ++........               (no ring)
                                (no ring)

@: lethally poisoned (-1 -> -26), not resistant to hostile enchantments,
unstealthy
A: fangs 2, regeneration 1, magic shield, antimagic bite, no device heal 3, rot
immunity
a: no special abilities


You were on level 4 of the Dungeon.
You were not hungry.

You visited 1 branch of the dungeon, and saw 4 of its levels.

You collected 95 gold pieces.

Inventory:

Armour
 a - a +0 robe (worn)
Jewellery
 n - an uncursed ring of magical power {unknown}
Scrolls
 c - 2 scrolls of enchant weapon {unknown}
 d - 2 scrolls of identify {unknown}
 e - a scroll of enchant armour {unknown}
 f - 2 scrolls of magic mapping {unknown}
 j - a scroll of noise {unknown}
 k - a scroll of random uselessness {unknown}
 o - a scroll of immolation {unknown}
Potions
 g - a potion of poison
 i - a potion of mutation {unknown}
Books
 l - a Fen Folio

   Spells                             Type                      Level
   a - Corpse Rot                     Necromancy                   2
   b - Stone Arrow                    Conjuration/Earth            3
   c - Leda's Liquefaction            Hexes/Earth                  4
   d - Summon Forest                  Summoning/Translocation      5
   e - Hydra Form                     Transmutation                6
   f - Summon Hydra                   Summoning                    7
Comestibles
 b - 2 bread rations
 h - 2 meat rations
 m - 8 fruits
 p - 2 chunks of flesh


   Skills:
 - Level 2.6 Fighting
 - Level 2.4 Dodging
 - Level 2.4 Stealth
 + Level 6.6 Unarmed Combat


You had 4 spell levels left.
You didn't know any spells.

Dungeon Overview and Level Annotations

Branches:
Dungeon (4/15)
 Temple: D:4-7

Altars:
Nemelex Xobeh
Okawaru


Innate Abilities, Weirdness & Mutations

You have extremely sharp teeth.
Your natural rate of healing is unusually fast.
When hurt, damage is shared between your health and your magic reserves.
Your bite disrupts and absorbs the magic of your enemies.
Potions and wands cannot restore your health.
You are immune to rotting.


Message History

The orc is almost dead.
* * * LOW HITPOINT WARNING * * *
You feel sick. The orc misses you.
You are too injured to fight recklessly!
You are too injured to fight recklessly!
You are too injured to fight recklessly!
You are too injured to fight recklessly!
You are too injured to fight recklessly!
You are too injured to fight recklessly!
You closely miss the orc priest.
You bite the orc priest, but do no damage.
* * * LOW HITPOINT WARNING * * *
You feel sick.
The orc priest mumbles some strange prayers to Beogh against you.
Something smites you!
* * * LOW HITPOINT WARNING * * *
Drink which item? (? for menu, Esc to quit)
It was a potion of poison.
That liquid tasted very nasty...
You are more poisoned.
You die...

...... ......
...... #.##
#.... .%..#
.... .....#
..# ......#
##o#
.......##@o#
.......#.)##
..........#
.......!..##
...........##
............#
............#
...........##
..........##


You could see an orc priest and an orc.

Vanquished Creatures
  An orc priest (D:4)
  An orc wizard (D:4)
  3 adders (D:3)
  2 oozes (D:3)
  2 worms (D:3)
  A giant gecko (D:1)
  4 orcs
  8 bats
  4 giant cockroaches
  10 hobgoblins
  9 kobolds
  2 quokkas (D:3)
  2 giant newts
  5 goblins
  7 rats
61 creatures vanquished.

Notes
Turn   | Place    | Note
--------------------------------------------------------------
     0 | D:1      | Goblin1989 the Vine Stalker Monk began the quest for the Orb.
     0 | D:1      | Reached XP level 1. HP: 11/11 MP: 2/2
   199 | D:1      | Found a sparkling altar of Nemelex Xobeh.
   301 | D:1      | Reached XP level 2. HP: 14/16 MP: 3/3
  1257 | D:2      | Reached XP level 3. HP: 4/19 MP: 4/4
  1635 | D:3      | Reached skill level 5 in Unarmed Combat
  1963 | D:3      | Found a sparkling altar of Nemelex Xobeh.
  1970 | D:3      | Reached XP level 4. HP: 19/23 MP: 3/5
  2158 | D:3      | Found an iron altar of Okawaru.
  2329 | D:3      | Found a faded altar to an unknown god.
  2436 | D:3      | Reached skill level 6 in Unarmed Combat
  2808 | D:4      | Reached XP level 5. HP: 21/27 MP: 6/6
  2818 | D:4      | HP: 1/27 [orc priest/divine providence (6)]
  2819 | D:4      | Succumbed to poison (a potion of poison)

Vault maps used:
D:1:      dpeg_arrival_pond, nemelex_diamond_rough_becter
D:3:      kennysheep_big_flooded_room, okawaru_ov_weapons_minmay,
          ecumenical_altar_2, roderic_digamma_sauvastika,
          nemelex_dance_club_becter
D:4:      minmay_temple_entry_from_below_a

Action                   |  1- 3 |  4- 6 || total
-------------------------+-------+-------++-------
Melee: Unarmed           |    96 |    82 ||   178
  Use: Potion            |     1 |     1 ||     2
 Stab: Sleeping          |    10 |     8 ||    18
  Eat: Chunk             |     3 |     3 ||     6
